cohdb
Replays
Latest Replays
All Replays
Popular Replays
Top Player Replays
Match Explorer
How It Works
Community
CoH3 Stats
Reddit
Sign in to upload your games and track your stats! →
Sign in with Steam
Match 20267986
Unlisted
Match 20267986
Overview
Messages
Build Orders
End
Panzerpioneer Squad
Panzerpioneer Squad
Selects Armored Support Battlegroup
Panzerpioneer Squad
Panzerpioneer Squad
Construct Light Support Kompanie
Panzerjäger Squad
2.5-tonne Medical Truck
Selects Veteran Gunners
Panzerjäger Squad
Construct Mechanized Kompanie
Construct Panzerarmee Kommand
Selects Salvage Kits
Selects Panzer Storm
Vehicle Survival Package
2.5-tonne Medical Truck
Tungsten Core Ammunition
Panzer III L Medium Tank
Selects Stuka Dive Bomb
Walking Stuka Rocket Launcher
Emergency Repair Kits
Panzer III L Medium Tank
Selects Flammpanzer III Medium Tank Sd.Kfz. 141
MrStealYourHitler
Angry Android
BulletSponge
Delta0032
Frost
SilentPunisher
Walther
南极蹦迪
0
0
Comments
sign in to comment!
No comments posted yet!